 Dungeon Crawl Stone Soup version 0.19-a0-1740-g0bcaf2e (webtiles) character file.

314202 Amnesiac the Maledictor (level 20, -2/143 HPs)
             Began as a Vampire Enchanter on Oct 1, 2016.
             Was an Initiate of Gozag.
             Slain by a death ooze (17 damage)
             ... created by the Royal Jelly
             ... on level 5 of the Pits of Slime.
             The game lasted 02:59:37 (47158 turns).

Amnesiac the Maledictor (Vampire Enchanter)        Turns: 47158, Time: 02:59:38

Health: -2/143     AC: 18    Str: 12    XL:     20   Next: 48%
Magic:  39/39      EV: 34    Int: 24    God:    Gozag
Gold:   1058       SH:  6    Dex: 25    Spells: 13 memorised, 4 levels left

rFire  . . .     SeeInvis +     b - +2 dagger (vamp)
rCold  + + +     Gourm    .     Z - +2 robe of Gravitas {rC+ rN+ MR+}
rNeg   + + +     Faith    .     C - +0 buckler
rPois  ∞         Spirit   .     G - +2 hat of the High Council {Archmagi, Wiz- Stlth-}
rElec  .         Dismiss  .     d - +2 cloak of the Thief {+Fog Slay-2 SInv Stlth+}
rCorr  +         Reflect  .     x - +1 pair of gloves
MR     +++++     Harm     .     D - +2 pair of boots {run}
Stlth  ++++++++++ Clarity  +    U - amulet of the Four Winds {rN+ MR+++ Clar} Rnd*Tele +
                                a - ring of resist corrosion
                                V - +4 ring of protection

@: mighty, brilliant, agile, gold aura, very slightly contaminated, bloodless,
non-regenerating, studying Fighting, deflect missiles, quick
A: antennae 1, fangs 3, repulsion field 1, see invisible, clumsy 1,
deterioration 1, frail 1, teleportitis 1, unbreathing, no device heal 1
a: Bat Form, Potion Petition, Call Merchant, Bribe Branch, Renounce Religion,
Evoke Fog
}: 2/15 runes: barnacled, gossamer


You were on level 5 of the Pits of Slime.
You worshipped Gozag.
Gozag was most pleased with you.
You were bloodless.

You visited 8 branches of the dungeon, and saw 40 of its levels.
You also visited: Ice Cave and Volcano.

You collected 15795 gold pieces.
You spent 4407 gold pieces at shops.
You paid 10330 gold pieces to Gozag.

Inventory:

Hand Weapons
 b - a +2 vampiric dagger (weapon)
 Y - a +9 quick blade of draining
Armour
 d - the +2 cloak of the Thief (worn) {+Fog Slay-2 SInv Stlth+}
   (You found it on level 5 of the Lair of Beasts)

   It affects your accuracy and damage with ranged weapons and melee attacks
   (-2).
   It lets you see invisible.
   It can be evoked to emit clouds of fog.
   It makes you more stealthy.
 i - a +0 cloak of poison resistance
 j - a +1 cloak of poison resistance
 p - the +0 cloak "Nuklinuth" {rElec Dex+2, unknown}
   (You found it on level 5 of the Pits of Slime)

   It affects your dexterity (+2).
   It insulates you from electricity.
 x - a +1 pair of gloves (worn)
 C - a +0 buckler (worn)
 D - a +2 pair of boots of running (worn)
 G - the +2 hat of the High Council (worn) {Archmagi, Wiz- Stlth-}
   (You bought it in a shop on level 4 of the Shoals)

   It makes you less stealthy.
 Z - the +2 robe of Gravitas (worn) {rC+ rN+ MR+}
   (You found it on level 12 of the Dungeon)

   It protects you from cold.
   It protects you from negative energy.
   It affects your resistance to hostile enchantments.
Rods
 I - a +9 rod of inaccuracy (15/17)
   (You found it on level 12 of the Dungeon)
Jewellery
 a - a ring of resist corrosion (right hand)
 m - the ring of the Hundredfold Souls {rF++ SInv}
   (You took it off a deep elf knight on level 3 of the Elven Halls)

   [ring of see invisible]

   It greatly protects you from fire.
   It lets you see invisible.
 o - the ring of Luficsune {rPois rF- rN+ Dex+4, unknown}
   (You found it on level 5 of the Pits of Slime)

   [ring of poison resistance]

   It affects your dexterity (+4).
   It makes you vulnerable to fire.
   It protects you from poison.
   It protects you from negative energy.
 t - an uncursed amulet of harm {unknown}
 u - the ring of Suafoe {Wiz Dex+2}
   (You took it off a deep elf mage on level 3 of the Elven Halls)

   [ring of wizardry]

   It improves your spell success rate.
   It affects your dexterity (+2).
 A - the ring of the Special Moons {rElec rF++ MP+9 Str+3 Int+2 Stlth-}
   (You found it on level 3 of the Elven Halls)

   [ring of intelligence]

   It affects your strength (+3).
   It affects your intelligence (+2).
   It greatly protects you from fire.
   It insulates you from electricity.
   It affects your magic capacity (+9).
   It makes you less stealthy.
 U - the amulet of the Four Winds (around neck) {rN+ MR+++ Clar}
   (You found it in an ice cave)

   [amulet of nothing]

   It protects you from negative energy.
   It affects your resistance to hostile enchantments.
   It protects you against confusion.
 V - a +4 ring of protection (left hand)
Wands
 e - a wand of teleportation (8/9)
 q - a wand of digging (8/24)
 L - a wand of hasting (7/9)
 M - a wand of teleportation (5/9)
 W - a wand of disintegration (2/24)
Scrolls
 c - 7 scrolls of enchant weapon
 g - 5 scrolls of magic mapping
 k - 5 scrolls of recharging
 l - 24 scrolls of remove curse
 n - 8 scrolls of amnesia
 r - 7 scrolls of teleportation
 s - 4 scrolls of enchant armour
 K - 7 scrolls of fog
 Q - 5 scrolls of fear
Potions
 h - 5 potions of curing
 v - 5 potions of brilliance
 z - 5 potions of might
 F - 5 potions of flight
 S - 2 potions of agility
 T - a potion of cancellation
Books
 f - a manual of Fighting


   Skills:
 - Level 14.1 Fighting
 - Level 8.0 Short Blades
 - Level 14.3 Dodging
 - Level 21.0 Stealth
 - Level 4.0 Shields
 - Level 15.5 Spellcasting
 - Level 24.1 Hexes
 + Level 11.4 Charms
 - Level 8.0 Air Magic
 - Level 6.0 Evocations


You had 4 spell levels left.
You knew the following spells:

 Your Spells              Type           Power        Failure   Level  Hunger
a - Deflect Missiles      Chrm/Air       #######...   2%          6    ####...
b - Blink                 Tloc           N/A          1%          2    None
c - Swiftness             Chrm/Air       #######.     1%          2    None
d - Mephitic Cloud        Conj/Pois/Air  ######..     1%          3    None
e - Confuse               Hex            ########     1%          3    None
f - Ensorcelled Hibernat  Hex/Ice        ######       1%          2    None
g - Discord               Hex            ########..   1%          8    #######
h - Haste                 Chrm           #######.     1%          6    ####...
i - Repel Missiles        Chrm/Air       ######       1%          2    None
j - Yara's Violent Unrav  Hex/Tmut       #######...   1%          5    ##.....
k - Apportation           Tloc           #####.....   1%          1    None
l - Dazzling Spray        Conj/Hex       ######       1%          3    None
w - Tukima's Dance        Hex            ########     1%          3    None


Dungeon Overview and Level Annotations

Branches:
Dungeon (15/15)            Temple (1/1) D:7            Lair (6/6) D:9
 Shoals (4/4) Lair:3       Spider (4/4) Lair:2        Slime (5/5) Lair:5
    Orc (2/2) D:9             Elf (3/3) Orc:2        Vaults (0/5) D:14
 Depths (0/5) D:15

Altars:
Ashenzari
Dithmenos
Fedhas
Gozag
Makhleb
Qazlal
Ru
Sif Muna
Uskayaw
Zin
Beogh
Jiyva

Shops:
D:12 }*   Orc:2 *%[[   Elf:2 =:==:   Lair:2 (*(   Shoals:4 [

Portals:
Hell: Lair:6
Trove: Elf:2 (give 15 scrolls of teleportation)

Annotations:
Slime:5 slayr's ghost, legendary MfGl
Elf:2 exclusion: door
Elf:3 Mara


Innate Abilities, Weirdness & Mutations

You do not heal naturally.
You are immune to poison.
You have razor-sharp teeth.
You have supernaturally acute eyesight. (SInv)
You can survive without breathing.
You have a pair of small antennae on your head.
You are surrounded by a mild repulsion field. (EV +2)
You are clumsy. (Dex -2)
Your body sometimes deteriorates upon taking damage.
You are frail. (-10% HP)
You are occasionally teleported next to monsters.
Potions and wands are less effective at restoring your health.


Message History

Unknown command.
Okay, then.
Unknown command. [a] - 360 gold - might, agility and brilliance [b] - 396 gold - resistance, might and agility [c] - 812 gold - resistance, might, haste and agility Purchase which effect? [a] - 360 gold - might, agility and brilliance [b] - 396 gold - resistance, might and agility [c] - 812 gold - resistance, might, haste and agility Purchase which effect? [a] - 360 gold - might, agility and brilliance [b] - 396 gold - resistance, might and agility [c] - 812 gold - resistance, might, haste and agility Purchase which effect?
You feel mightier all of a sudden.
You feel more agile all of a sudden.
You feel clever all of a sudden. The death ooze hits you!
You die...
Your body crumbles into a pile of gold.

......................J.J..###.
...........................#..#
...............$.............#.
.!......$......................
((!....$?$.....................
:$......$)$....................
.|%....(.)))....J..............
:(......())$...JG..............
[.)....).?.....J@..............
..................$............
...........G...................
............................J..
...............................
J.J....).?!....................
|?.J.J..()[[................
?J(J.J.![φ|%................
.%J.$..."[}.................


You could see an azure jelly, a great orb of eyes, a shining eye and 2 death
oozes.

Vanquished Creatures
  the Royal Jelly (Slime:5)
  Jorgrun (Shoals:2)
  3 deep elf blademasters
  Gastronok (D:8)
  13 acid blobs
  Frances (Shoals:2)
  A kraken (Shoals:4)
  2 deep elf master archers (Elf:3)
  Polyphemus (Shoals:3)
  Kirke (Elf:1)
  Donald (Shoals:2)
  The ghost of kae the Fencer, an adept FoFi of Makhleb (Elf:2)
  4 azure jellies
  Roxanne (D:14)
  Ilsuiw (Shoals:4)
  5 deep elf sorcerers
  Louise (Elf:1)
  5 emperor scorpions
  An orc warlord (Orc:2)
  2 ghost moths
  4 deep elf elementalists
  3 entropy weavers
  Nessos (Lair:6)
  6 deep elf demonologists
  6 deep elf annihilators (Elf:3)
  Azrael (Elf:1)
  A dire elephant (Lair:6)
  2 spark wasps
  An ettin (D:12)
  6 merfolk javelineers
  7 deep elf death magi (Elf:3)
  5 merfolk impalers
  3 death oozes
  A yaktaur captain (D:12)
  7 hydras
  6 great orbs of eyes
  4 ice dragons
  Harold (Orc:1)
  9 centaur warriors
  3 merfolk aquamancers
  Erica (D:8)
  An alligator snapping turtle (Shoals:4)
  A catoblepas (Shoals:3)
  A merfolk avatar (Shoals:3)
  2 satyrs
  4 death yaks
  21 deep elf knights
  A sixfirhy (Lair:6)
  14 sea snakes
  A deep troll (D:14)
  3 unseen horrors
  An unseen horror (shapeshifter) (Elf:2)
  4 wizards
  17 harpies
  Pikel (D:9)
  5 orc knights
  15 fauns
  35 deep elf magi
  9 hill giants
  24 orb spiders
  33 wolf spiders
  A lindwurm (Volcano)
  A necromancer (D:14)
  10 deep elf archers
  6 ugly things
  4 orc sorcerers
  A hornet (shapeshifter) (D:15)
  A hornet (Spider:3)
  2 cyclopes
  6 shining eyes
  6 manticores
  2 moths of wrath
  Psyche (D:8)
  Maurice (D:13)
  12 elephants
  4 black mambas
  8 sirens
  3 torpor snails
  2 molten gargoyles (Volcano)
  An orange demon (Lair:6)
  2 ice statues (IceCv)
  Joseph (Lair:1)
  7 spiny frogs
  5 water nymphs
  3 eyes of devastation
  A smoke demon (Lair:6)
  6 gargoyles
  A kobold demonologist (D:15)
  7 rime drakes
  9 komodo dragons
  A yaktaur (Shoals:1)
  An efreet (D:15)
  A hellwing (Lair:6)
  14 demonic crawlers
  A meliai (shapeshifter) (D:15)
  2 red devils (Lair:6)
  5 ice devils (Lair:6)
  2 trolls (Orc:1)
  A wind drake (shapeshifter) (D:15)
  25 merfolk
  A two-headed ogre (D:15)
  Prince Ribbit (D:7)
  26 jumping spiders
  10 blink frogs
  A wind drake (Shoals:4)
  13 snapping turtles
  Grinder (D:3)
  A blink frog (shapeshifter) (Elf:3)
  78 slime creatures
  2 dream sheep
  6 hippogriffs
  74 redbacks
  9 water elementals
  7 air elementals
  12 tarantellas
  A shadow (D:12)
  3 wraiths
  3 vampires
  Sigmund (D:3)
  26 yaks
  6 golden eyes (Slime:1)
  7 fire elementals
  4 hogs (Elf:1)
  2 humans (Elf:1)
  A hungry ghost (D:12)
  2 soldier ants
  A steam dragon (Lair:4)
  Menkaure (D:7)
  15 water moccasins
  Duvessa (D:7)
  4 hell hounds
  A floating eye (Slime:4)
  44 orc warriors
  17 ice beasts
  6 sky beasts
  6 porcupines
  4 slaves (D:9)
  A wasp (D:8)
  2 black bears
  2 necrophages
  5 eyes of draining
  2 phantoms
  A boggart (Elf:1)
  8 ogres
  30 centaurs
  5 wolves (Lair:1)
  10 crocodiles
  14 bullfrogs
  An earth elemental (Elf:1)
  Blork the orc (D:4)
  A wyvern skeleton (D:13)
  Dowan (D:7)
  2 scorpions
  10 killer bees
  8 howler monkeys
  9 wights
  9 electric eels
  7 crimson imps
  3 centaur zombies
  A centaur skeleton (D:8)
  7 jellies
  3 quasits
  12 orc priests
  7 hounds
  17 orc wizards
  2 bullfrog skeletons
  Ijyb (D:3)
  Terence (D:3)
  Natasha (thrice) (D:1)
  5 iguanas
  8 worker ants
  4 gnolls (D:3)
  2 worker ant zombies (D:5)
  12 adders
  2 howler monkey skeletons
  33 river rats
  6 shadow imps
  2 oozes
  An adder skeleton (D:5)
  A worm (D:5)
  A dart slug (D:4)
  5 leopard geckos
  107 orcs
  6 bats
  2 giant cockroaches (D:4)
  5 goblins
  8 hobgoblins
  2 quokkas
  6 frilled lizards
  5 kobolds
  A leopard gecko zombie (D:8)
  A quokka zombie (D:6)
  5 rats
  2 fungi
1301 creatures vanquished.

Vanquished Creatures (collateral kills)
  2 deep elf sorcerers (Elf:3)
  An emperor scorpion (Spider:4)
  A deep elf demonologist (Elf:2)
  A deep elf annihilator (Elf:1)
  3 merfolk javelineers
  A deep elf high priest (Elf:3)
  A merfolk avatar (Shoals:4)
  A merfolk aquamancer (Shoals:4)
  A satyr (Shoals:3)
  2 dancing weapons (Elf:2)
  8 deep elf knights
  2 sea snakes (Shoals:4)
  4 deep elf archers
  17 deep elf magi
  2 harpies (Shoals:4)
  An orb spider (Spider:4)
  2 wolf spiders (Spider:4)
  3 fauns (Shoals:3)
  A moth of wrath (Spider:4)
  A manticore (Shoals:4)
  4 sirens
  4 water nymphs (Shoals:4)
  2 wind drakes (Shoals:2)
  12 merfolk
  A two-headed ogre (D:9)
  A snapping turtle (Shoals:2)
  2 dream sheep (Shoals:4)
  A tarantella (Spider:4)
  2 redbacks (Spider:4)
  3 water elementals
  An orc warrior (Orc:1)
  A bullfrog (D:9)
  A jelly (D:9)
  2 orcs (Orc:1)
92 creatures vanquished.

Vanquished Creatures (others)
  An azure jelly (Slime:5)
  An emperor scorpion (Spider:4)
  A deep elf elementalist (Elf:3)
  A deep elf annihilator (Elf:3)
  A deep elf death mage (Elf:3)
  A merfolk impaler (Shoals:3)
  4 deep elf knights (Elf:2)
  A harpy (Shoals:4)
  2 deep elf archers
  A wolf spider (Spider:4)
  A cyclops (Shoals:4)
  6 deep elf magi
  23 dancing weapons
  A dream sheep (Shoals:4)
  An earth elemental (Elf:2)
  2 orcs (D:9)
  7 fungi
  22 plants
77 creatures vanquished.

Grand Total: 1470 creatures vanquished

Notes
Turn   | Place    | Note
-------+----------+-------------------------------------------
     0 | D:1      | Amnesiac the Vampire Enchanter began the quest for the Orb.
     0 | D:1      | Reached XP level 1. HP: 13/13 MP: 3/3
   438 | D:2      | Noticed Natasha
   615 | D:2      | Reached XP level 2. HP: 19/19 MP: 3/5
   619 | D:2      | Learned a level 2 spell: Ensorcelled Hibernation
   703 | D:3      | Reached skill level 5 in Stealth
   768 | D:3      | Reached skill level 5 in Hexes
   770 | D:3      | Noticed Ijyb
  1354 | D:4      | Noticed a howler monkey
  1361 | D:4      | Killed a howler monkey
  1361 | D:4      | Reached XP level 3. HP: 24/24 MP: 6/6
  1366 | D:4      | Learned a level 3 spell: Confuse
  1563 | D:4      | Reached XP level 4. HP: 30/30 MP: 7/7
  1578 | D:4      | Noticed Blork the orc
  1585 | D:4      | Killed Blork the orc
  1585 | D:4      | Reached XP level 5. HP: 35/35 MP: 8/8
  1823 | D:4      | Reached skill level 5 in Short Blades
  2100 | D:5      | Entered Level 5 of the Dungeon
  2166 | D:5      | Noticed an ogre
  2180 | D:5      | Learned a level 3 spell: Tukima's Dance
  2187 | D:5      | You fall through a shaft for 2 floors!
  2196 | D:7      | Reached XP level 6. HP: 41/41 MP: 3/11
  2264 | D:7      | Learned a level 3 spell: Dazzling Spray
  2606 | D:7      | Reached skill level 6 in Hexes
  2940 | D:8      | Noticed Gastronok
  2961 | D:8      | Noticed Psyche
  3004 | D:8      | Killed Psyche
  3004 | D:8      | Reached skill level 8 in Hexes
  3004 | D:8      | Reached XP level 7. HP: 46/46 MP: 7/13
  3063 | D:8      | Reached skill level 9 in Hexes
  3119 | D:8      | Noticed a hippogriff
  3136 | D:8      | Killed a hippogriff
  3320 | D:8      | Noticed a hippogriff
  3338 | D:7      | Noticed Duvessa
  3339 | D:7      | Noticed Dowan
  3347 | D:7      | Killed Duvessa
  3347 | D:7      | Reached XP level 8. HP: 17/52 MP: 5/14
  3350 | D:7      | Found a deep blue altar of Sif Muna.
  3360 | D:7      | Killed Dowan
  3510 | D:7      | Found a shattered altar of Ashenzari.
  3510 | D:7      | Found a sacrificial altar of Ru.
  3563 | D:7      | Reached skill level 10 in Stealth
  4456 | D:5      | Got a transparent leather armour
  4490 | D:5      | Reached XP level 9. HP: 50/57 MP: 15/15
  4495 | D:5      | Found a stormy altar of Qazlal.
  4774 | D:6      | Reached skill level 10 in Hexes
  5195 | D:7      | Reached skill level 5 in Spellcasting
  5260 | D:7      | Noticed Prince Ribbit
  5269 | D:7      | Killed Prince Ribbit
  5463 | D:7      | Reached skill level 5 in Dodging
  5928 | D:7      | Found a staircase to the Ecumenical Temple.
  5937 | Temple   | Entered the Ecumenical Temple
  5955 | Temple   | Became a worshipper of Gozag Ym Sagoz the Greedy
  6711 | D:2      | Found a shadowy altar of Dithmenos.
  7191 | D:3      | Noticed Terence
  7199 | D:3      | Killed Terence
  7225 | D:3      | Identified the cursed +0 leather armour "Wiroz" {*Corrode rC+ Regen+ Dex+5} (You found it on level 5 of the Dungeon)
  7243 | D:3      | Killed Ijyb
  7454 | D:3      | Noticed Sigmund
  7468 | D:3      | Killed Sigmund
  7690 | D:3      | Noticed Grinder
  7694 | D:3      | Killed Grinder
  8093 | D:7      | Noticed Menkaure
  8100 | D:7      | Killed Menkaure
  8326 | D:7      | Reached XP level 10. HP: 73/73 MP: 12/17
  8333 | D:7      | Got a jewelled spear {drain}
  8643 | D:1      | Killed Natasha
  8700 | D:1      | Noticed Natasha
  8707 | D:1      | Killed Natasha
  8950 | D:1      | Noticed Natasha
  8971 | D:1      | Killed Natasha
  8990 | D:1      | You fall through a shaft!
  9175 | D:8      | Reached skill level 5 in Fighting
  9577 | D:8      | Reached skill level 1 in Shields
  9647 | D:8      | Noticed Erica
  9654 | D:8      | Killed Erica
  9859 | D:8      | Found a shattered altar of Ashenzari.
  9984 | D:8      | Found a roughly hewn altar of Beogh.
 10403 | D:8      | Identified the +6 spear "Qurchuust" {drain, rN+ Str+2 Stlth-} (You took it off an orc on level 7 of the Dungeon)
 10685 | D:9      | Found a staircase to the Lair.
 10834 | D:9      | Noticed Pikel
 10837 | D:9      | Found a staircase to the Orcish Mines.
 10860 | D:9      | Killed Pikel
 11606 | D:8      | Learned a level 2 spell: Repel Missiles
 11610 | D:8      | Learned a level 2 spell: Swiftness
 11714 | D:8      | Reached XP level 11. HP: 44/83 MP: 12/18
 11816 | Orc:1    | Entered Level 1 of the Orcish Mines
 12034 | Orc:1    | Noticed an orc knight
 12076 | Orc:1    | Noticed Harold
 12101 | Orc:1    | Killed Harold
 12168 | Orc:1    | Killed an orc knight
 12194 | Orc:1    | Found a roughly hewn altar of Beogh.
 12412 | Orc:2    | Entered Level 2 of the Orcish Mines
 12412 | Orc:2    | Noticed an orc sorcerer
 12430 | Orc:2    | Killed an orc sorcerer
 12509 | Orc:2    | Noticed an orc warlord
 12511 | Orc:2    | Noticed an orc sorcerer
 12725 | Orc:2    | Killed an orc sorcerer
 12814 | Orc:2    | Noticed an orc knight
 12819 | Orc:2    | Killed an orc knight
 12819 | Orc:2    | Reached skill level 11 in Hexes
 13102 | Orc:2    | Noticed an orc sorcerer
 13114 | Orc:2    | Killed an orc sorcerer
 13114 | Orc:2    | Reached skill level 12 in Hexes
 13165 | Orc:2    | Noticed a centaur warrior
 13180 | Orc:2    | Killed a centaur warrior
 13180 | Orc:2    | Reached skill level 13 in Hexes
 13206 | Orc:2    | Noticed an orc knight
 13229 | Orc:2    | Killed an orc knight
 13387 | Orc:2    | Reached XP level 12. HP: 88/91 MP: 5/24
 13640 | Orc:2    | Reached skill level 14 in Hexes
 13780 | Orc:2    | Found Wuggioxzyeh's Food Shoppe.
 13780 | Orc:2    | Found Qoneo's Antique Armour Boutique.
 13782 | Orc:2    | Killed an orc warlord
 13786 | Orc:2    | Found Uromp's Assorted Antiques.
 13788 | Orc:2    | Found Kunkyek's Antique Armour Shop.
 13852 | Orc:2    | Bought a scroll labeled XASKIU QE JITAXT for 26 gold pieces
 13852 | Orc:2    | Bought a tapered copper wand for 104 gold pieces
 13852 | Orc:2    | Bought 2 pink potions for 46 gold pieces
 13852 | Orc:2    | Bought a black potion for 23 gold pieces
 13852 | Orc:2    | Bought a runed robe for 18 gold pieces
 13868 | Orc:2    | Bought a pair of runed boots for 148 gold pieces
 13898 | Orc:2    | Found a staircase to the Elven Halls.
 14095 | Elf:1    | Entered Level 1 of the Elven Halls
 14201 | Elf:1    | Noticed Azrael
 14310 | Elf:1    | Reached skill level 10 in Spellcasting
 14321 | Elf:1    | Noticed Kirke
 14338 | Elf:1    | Killed Kirke
 14400 | Elf:1    | Noticed a deep elf annihilator
 15079 | Elf:1    | Noticed a deep elf elementalist
 15173 | Elf:1    | Reached XP level 13. HP: 96/96 MP: 25/28
 15277 | Elf:1    | Killed Azrael
 15803 | Orc:2    | Killed a deep elf elementalist
 15970 | Elf:1    | Noticed a deep elf sorcerer
 15983 | Elf:1    | Killed a deep elf sorcerer
 15983 | Elf:1    | Reached skill level 15 in Stealth
 16077 | Elf:1    | Noticed Louise
 16101 | Elf:1    | Killed Louise
 16667 | Lair:1   | Entered Level 1 of the Lair of Beasts
 16706 | Lair:1   | Reached skill level 10 in Dodging
 16998 | Lair:1   | Noticed Joseph
 17116 | Lair:1   | Killed Joseph
 17847 | Lair:2   | Found a hole to the Spider Nest.
 18650 | Lair:3   | Found a staircase to the Shoals.
 18660 | Lair:3   | Reached XP level 14. HP: 103/103 MP: 14/29
 18663 | Lair:3   | Reached skill level 15 in Hexes
 19414 | Lair:4   | Got a heavy robe
 19417 | Lair:4   | Identified the +1 robe of the Sturgeon {rN+ Int+2} (You found it on level 4 of the Lair of Beasts)
 20053 | Lair:5   | Reached skill level 16 in Hexes
 20220 | Lair:5   | Found a staircase to the Slime Pits.
 20220 | Lair:5   | Found a viscous altar of Jiyva.
 20400 | Lair:5   | Found a dark tunnel.
 20405 | Volcano  | Entered a volcano
 20463 | Volcano  | Reached skill level 17 in Hexes
 20931 | Lair:6   | Entered Level 6 of the Lair of Beasts
 21357 | Lair:6   | Reached skill level 18 in Hexes
 21525 | Lair:6   | Noticed Nessos
 21538 | Lair:6   | Killed Nessos
 21640 | Lair:6   | Reached skill level 19 in Hexes
 21679 | Lair:6   | Found a burning altar of Makhleb.
 22026 | Lair:6   | Found a gateway to Hell.
 22039 | Lair:6   | Got a shimmering large shield
 22440 | Spider:1 | Entered Level 1 of the Spider Nest
 22456 | Spider:1 | Reached skill level 20 in Hexes
 22463 | Spider:1 | Noticed an emperor scorpion
 22477 | Spider:1 | Killed an emperor scorpion
 22485 | Spider:1 | Reached XP level 15. HP: 52/108 MP: 8/30
 22786 | Lair:2   | Bought a +0 pair of boots of running for 472 gold pieces
 22786 | Lair:2   | Bought 2 scrolls of enchant weapon for 225 gold pieces
 22801 | Lair:2   | Bought a +2 vampiric dagger for 324 gold pieces
 22827 | Spider:1 | Reached skill level 21 in Hexes
 23272 | Spider:2 | Reached skill level 22 in Hexes
 23455 | D:10     | Entered Level 10 of the Dungeon
 24436 | D:11     | You fall through a shaft!
 24462 | D:12     | Found Itymad's Quality Used Wands.
 24468 | D:12     | Found Houvext's Assorted Antiques.
 24482 | D:12     | Bought a scroll labeled LELELU MEOLE for 29 gold pieces
 24482 | D:12     | Bought a bubbling cyan potion for 26 gold pieces
 24482 | D:12     | Bought a scroll of recharging for 275 gold pieces
 24483 | D:12     | Bought a scroll of identify for 58 gold pieces
 24679 | D:12     | Found a frozen archway.
 24711 | IceCv    | Entered an ice cave
 25129 | IceCv    | Reached skill level 23 in Hexes
 25651 | D:12     | Got a silken robe
 25921 | D:13     | Learned a level 3 spell: Mephitic Cloud
 26056 | D:13     | Noticed Maurice
 26058 | D:13     | Killed Maurice
 26483 | D:14     | Found a gate to the Vaults.
 26611 | D:14     | Reached skill level 24 in Hexes
 26624 | D:14     | Noticed Roxanne
 26673 | D:14     | Reached XP level 16. HP: 115/115 MP: 15/31
 26813 | D:15     | Entered Level 15 of the Dungeon
 27624 | D:15     | Found a staircase to the Depths.
 27770 | D:15     | Identified a +0 rod of inaccuracy (9/9) (You found it on level 12 of the Dungeon)
 27783 | D:15     | Learned a level 8 spell: Discord
 27821 | D:15     | Identified a scroll of acquirement
 28747 | D:14     | Killed Roxanne
 28754 | D:14     | Identified Roxanne's Collected Works on Moulding (You took it off Roxanne on level 14 of the Dungeon)
 29120 | D:8      | Killed Gastronok
 29148 | D:8      | Identified the +2 robe of Gravitas {rC+ rN+ MR+} (You found it on level 12 of the Dungeon)
 29170 | D:8      | Identified the -2 large shield "Kuepp" {-Cast rC+ Str+3} (You found it on level 6 of the Lair of Beasts)
 31125 | Spider:3 | Reached skill level 1 in Charms
 31627 | Spider:4 | Entered Level 4 of the Spider Nest
 32066 | Spider:4 | Learned a level 6 spell: Haste
 32228 | Spider:4 | Reached skill level 5 in Charms
 32485 | Spider:4 | Reached XP level 17. HP: 120/120 MP: 3/35
 32805 | Spider:4 | Learned a level 6 spell: Deflect Missiles
 33244 | Spider:4 | Got a gossamer rune of Zot
 33486 | Lair:2   | Bought a warped dagger for 168 gold pieces
 33486 | Lair:2   | Identified the cursed +1 dagger of the Shining Light {flame, rElec} (You bought it in a shop on level 2 of the Lair of Beasts)
 33489 | Lair:2   | Bought a runed dagger for 48 gold pieces
 33489 | Lair:2   | Bought a glowing dagger for 48 gold pieces
 33542 | Shoals:1 | Entered Level 1 of the Shoals
 33721 | Shoals:1 | Reached skill level 10 in Charms
 34151 | Shoals:1 | Learned a level 5 spell: Yara's Violent Unravelling
 34261 | Shoals:2 | Noticed Jorgrun
 34310 | Shoals:2 | Killed Jorgrun
 34707 | Shoals:2 | Noticed Frances
 34777 | Shoals:2 | Killed Frances
 34851 | Shoals:2 | Noticed Donald
 34870 | Shoals:2 | Killed Donald
 35129 | Shoals:3 | Reached skill level 15 in Spellcasting
 35634 | Shoals:3 | Noticed Polyphemus
 35763 | Shoals:3 | Killed Polyphemus
 35880 | Shoals:3 | Reached XP level 18. HP: 127/127 MP: 23/37
 35939 | Shoals:4 | Entered Level 4 of the Shoals
 36373 | Shoals:4 | Noticed Ilsuiw
 36624 | Shoals:4 | Killed Ilsuiw
 36905 | Shoals:4 | Found Muqezxon's Armour Shop.
 37055 | Shoals:4 | Bought the +2 hat of the High Council {Archmagi, Wiz- Stlth-} for 713 gold pieces
 37432 | Shoals:4 | Got a barnacled rune of Zot
 38630 | Elf:2    | Reached skill level 1 in Air Magic
 38829 | Elf:3    | Entered Level 3 of the Elven Halls
 39396 | Elf:2    | Found a portal to a secret trove of treasure.
 39527 | Elf:2    | Reached skill level 5 in Air Magic
 39788 | Elf:2    | Found a huge runed gate.
 39791 | Elf:2    | Found a huge runed gate.
 39791 | Elf:2    | Found a huge runed gate.
 39793 | Elf:2    | Found a huge runed gate.
 39793 | Elf:2    | Found a huge runed gate.
 39958 | Elf:2    | Noticed kae's ghost (adept FoFi)
 39973 | Elf:2    | Killed kae's ghost
 41361 | Elf:3    | Reached XP level 19. HP: 132/132 MP: 34/38
 41443 | Elf:3    | Noticed Mara
 42025 | Elf:3    | Got a fine steel ring
 42212 | Elf:3    | Got an ancient brass ring
 42215 | Elf:3    | Got a vibrating ivory ring
 42219 | Elf:3    | Identified the Handbook of the Twisted Mountains
 42404 | Elf:3    | Identified the ring of Hiehice {rC+ SInv} (You took it off a deep elf annihilator on level 3 of the Elven Halls)
 42406 | Elf:3    | Identified the amulet of Kefasary {+Blink rElec rPois Regen+ Int-4} (You took it off a deep elf demonologist on level 3 of the Elven Halls)
 42407 | Elf:3    | Identified the ring of the Hundredfold Souls {rF++ SInv} (You took it off a deep elf knight on level 3 of the Elven Halls)
 42408 | Elf:3    | Identified the ring of Suafoe {Wiz Dex+2} (You took it off a deep elf mage on level 3 of the Elven Halls)
 42464 | Elf:3    | Learned a level 1 spell: Apportation
 42467 | Elf:3    | Learned a level 2 spell: Blink
 42481 | Elf:3    | Identified the Almanac of Vitriolic Evil
 42485 | Elf:3    | Identified Sif Muna's Handbook of Fire and Evil Arts
 42586 | Elf:3    | Got a flickering pewter ring
 42687 | Elf:3    | Identified the ring of the Special Moons {rElec rF++ MP+9 Str+3 Int+2 Stlth-} (You found it on level 3 of the Elven Halls)
 43355 | Elf:2    | Bought a manual of Fighting for 1656 gold pieces
 43614 | Slime:1  | Entered Level 1 of the Pits of Slime
 43707 | Slime:1  | Reached skill level 10 in Fighting
 44230 | Slime:2  | Reached skill level 1 in Evocations
 44311 | Slime:2  | Gained mutation: You are clumsy. (Dex -2) [a shining eye]
 44313 | Slime:2  | Gained mutation: You occasionally shout uncontrollably at your foes. [a shining eye]
 44317 | Slime:2  | Gained mutation: Your body sometimes deteriorates upon taking damage. [a shining eye]
 44326 | Slime:2  | Gained mutation: Your spells are a little harder to cast, but a little more powerful. [potion of mutation]
 44326 | Slime:2  | Gained mutation: Your muscles are strong. (Str +2) [potion of mutation]
 44327 | Slime:2  | Gained mutation: You possess an exceptional clarity of mind. [potion of mutation]
 44327 | Slime:2  | Lost mutation: You occasionally shout uncontrollably at your foes. [potion of mutation]
 44328 | Slime:2  | Gained mutation: Potions and wands are less effective at restoring your health. [potion of mutation]
 44328 | Slime:2  | Lost mutation: You are clumsy. (Dex -2) [potion of mutation]
 44328 | Slime:2  | Lost mutation: Your muscles are strong. (Str +2) [potion of mutation]
 44329 | Slime:2  | Gained mutation: You are surrounded by a mild repulsion field. (EV +2) [potion of mutation]
 44329 | Slime:2  | Lost mutation: Your spells are a little harder to cast, but a little more powerful. [potion of mutation]
 44329 | Slime:2  | Gained mutation: You are clumsy. (Dex -2) [potion of mutation]
 44330 | Slime:2  | Gained mutation: You have a pair of small antennae on your head. [potion of mutation]
 44330 | Slime:2  | Lost mutation: You possess an exceptional clarity of mind. [potion of mutation]
 44331 | Slime:2  | Gained mutation: You are frail. (-10% HP) [potion of mutation]
 44855 | Slime:3  | Reached XP level 20. HP: 135/135 MP: 37/39
 44874 | Slime:3  | Found a viscous altar of Jiyva.
 45138 | Slime:4  | Found a viscous altar of Jiyva.
 45333 | Slime:4  | Reached skill level 5 in Evocations
 45886 | Slime:5  | Entered Level 5 of the Pits of Slime
 45918 | Slime:5  | Noticed slayr's ghost (legendary MfGl)
 46226 | Slime:5  | Noticed the Royal Jelly
 46266 | Slime:5  | Killed the Royal Jelly
 46921 | Slime:5  | Got a twitching ivory ring
 46929 | Slime:5  | Got a slimy cloak
 46935 | Slime:5  | Identified Xafrone's Guide on Ghastly Cold
 47154 | Slime:5  | Gained mutation: You are occasionally teleported next to monsters. [a shining eye]
 47158 | Slime:5  | Slain by a death ooze

Vault maps used:
D:1:      lemuel_arrival_room
D:2:      serial_glass, glass_columns_a, glass_columns_b, glass_columns_a,
          glass_columns_b, glass_columns_b, glass_columns_a, feat_on_display,
          feat_on_display, due_unseen_surprise, minmay_gold_behind_fungi,
          grunt_dithmenos_smoke_and_mirrors, uniq_natasha
D:3:      hex_tiny, uniq_grinder, uniq_iyjb, uniq_terence, uniq_sigmund
D:4:      uniq_blork_the_orc
D:5:      first_bread, nicolae_qazlal_eye_of_the_storm
D:7:      lemuel_coloured_pillars_altar, gammafunk_temple_overflow_statue,
          st_stairs_7, grunt_ogre_cave, serial_bayou_lake_a, uniq_duvessa,
          uniq_menkaure, uniq_prince_ribbit1
D:8:      special_room, cheibrodos_ashenzari_chains, uniq_gastronok,
          uniq_psyche, uniq_erica
D:9:      minmay_lair_entry_lava, david_orc_2, uniq_pikel
D:12:     kennysheep_four_of_diamonds, portal_ice_cave_rime, serial_shops, shop,
          nicolae_for_you_no_charge
D:13:     uniq_maurice
D:14:     david_vaults_4, infiniplex_staircase_river, uniq_roxanne
D:15:     grunt_enter_depths_hoard, serial_bayou_pond_d, minmay_librarian
Temple:   regret_index_temple_mists
Lair:1:   grunt_megastairs_1, lemuel_fruit_fields, uniq_joseph
Lair:2:   spider_nest_entry_webs
Lair:3:   elwin_shoals_entry_stream, lemuel_fruit_fields
Lair:4:   serial_bayou_shore_a, serial_bayou_shore_b, serial_bayou_shore_b,
          lemuel_fruit_fields, serial_bayou_shore_b
Lair:5:   slime_altar_1, enter_volcano_4, minmay_holes,
          infiniplex_staircase_pool_2
Lair:6:   evil_forest, st_stairs_4, uniq_nessos
Shoals:1: yaktaur_hedge
Shoals:2: uniq_frances, uniq_jorgrun, uniq_donald
Shoals:3: uniq_polyphemus
Shoals:4: shoals_end_hangedman, shoals_ilsuiw_ice, serial_shops,
          nicolae_shop_waterfront
Spider:2: nicolae_orb_stairs, nicolae_spider_cling_halls
Spider:4: grunt_spider_rune_circles
Slime:3:  basic_altar
Slime:4:  basic_altar
Orc:1:    basic_altar, uniq_harold
Orc:2:    st_orc_rangers
Elf:1:    hangedman_elf_disciples, spider_trap, uniq_kirke, uniq_azrael,
          uniq_louise
Elf:2:    enter_trove_1
Elf:3:    grunt_elf_hall_asides, uniq_mara
IceCv:    ice_cave_small_dragons
Volcano:  volcano_aerie

Skill      XL: |  1  2  3  4  5  6  7  8  9 10 11 12 13 14 15 16 17 18 19 20 |
---------------+-------------------------------------------------------------+-----
Stealth        | 5 8 12 13 18 21 | 21.0
Hexes          | 5 8 9 10 13 14 20 24 | 24.1
Short Blades   | 3 4 5 6 8 |  8.0
Spellcasting   | 3 4 5 8 11 14 15 | 15.5
Dodging        | 6 8 10 11 14 | 14.3
Fighting       | 4 6 7 11 14 | 14.1
Shields        | 4 |  4.0
Charms         | 6 11 | 11.4
Air Magic      | 8 |  8.0
Evocations     | 3 6 |  6.0

Action                   |  1- 3 |  4- 6 |  7- 9 | 10-12 | 13-15 | 16-18 | 19-21 || total
-------------------------+-------+-------+-------+-------+-------+-------+-------++-------
Melee: Short sword       |    20 |       |       |       |       |       |       ||    20
       Dagger            |    51 |    24 |   288 |   731 |   973 |   933 |   220 ||  3220
       Bite              |     6 |     1 |    20 |    69 |   112 |   135 |    75 ||   418
       Scimitar          |       |       |       |       |    85 |    18 |       ||   103
       Quick blade       |       |       |       |       |       |   393 |   480 ||   873
Throw: Throwing net      |       |       |       |       |     4 |     5 |    38 ||    47
 Cast: Corona            |     4 |       |       |       |       |       |       ||     4
       Ensorcelled Hiber |    16 |    18 |    65 |    79 |   173 |   248 |    95 ||   694
       Confuse           |       |     5 |    17 |   174 |   262 |   319 |    90 ||   867
       Tukima's Dance    |       |     1 |     2 |    11 |     1 |       |       ||    15
       Dazzling Spray    |       |       |     7 |     2 |    11 |     8 |       ||    28
       Repel Missiles    |       |       |       |     5 |     1 |     3 |       ||     9
       Discord           |       |       |       |       |       |    27 |    15 ||    42
       Mephitic Cloud    |       |       |       |       |       |     1 |       ||     1
       Deflect Missiles  |       |       |       |       |       |     3 |     4 ||     7
       Haste             |       |       |       |       |       |       |     2 ||     2
       Blink             |       |       |       |       |       |       |     1 ||     1
Invok: Call Merchant     |       |       |       |       |     2 |     1 |     5 ||     8
       Potion Petition   |       |       |       |       |       |       |     3 ||     3
 Abil: End Transformatio |       |     2 |       |     2 |     4 |     5 |     3 ||    16
       Bat Form          |       |     2 |       |     2 |     4 |     5 |     3 ||    16
Evoke: Wand              |       |       |       |       |     1 |       |       ||     1
       Rod               |       |       |       |       |       |    13 |    73 ||    86
  Use: Potion            |     1 |     3 |    14 |     5 |     2 |     4 |    27 ||    56
       Scroll            |       |       |    23 |     1 |    20 |    17 |    20 ||    81
 Stab: Sleeping          |    12 |    16 |    69 |    59 |   218 |   208 |    97 ||   679
       Confused          |       |     2 |     8 |    96 |   169 |   201 |    34 ||   510
       Distracted        |       |       |     1 |     9 |     9 |    11 |     3 ||    33
       Invisible         |       |       |       |     3 |     1 |     8 |       ||    12
       Paralysed         |       |       |       |     1 |       |       |       ||     1
       Held in net/web   |       |       |       |       |     3 |     9 |    29 ||    41
       Petrifying        |       |       |       |       |       |     6 |       ||     6
Armor: Robe              |     9 |     2 |    44 |    69 |   139 |   246 |   124 ||   633
Dodge: Dodged            |    39 |    28 |   194 |   361 |   585 |   756 |   448 ||  2411
       Deflected         |       |       |       |     4 |     4 |    44 |    31 ||    83
Block: Buckler           |       |       |       |   119 |   208 |   236 |   133 ||   696
